 Seeded DCSS version 0.31-a0-1616-gbeaec30b81 (webtiles) character file.

Game seed: 10991872986433930313 (custom seed)

704 CInkIbrahim the Carver (level 7, -3/51 HPs)
             Began as a Demonspawn Gladiator on Jan 11, 2024.
             Slain by a yak (11 damage)
             ... on level 4 of the Dungeon.
             The game lasted 00:09:48 (3530 turns).

CInkIbrahim the Carver (Demonspawn Gladiator)       Turns: 3530, Time: 00:09:49

Health: -3/51      AC:  8    Str: 15    XL:     7   Next: 39%
Magic:  7/7        EV: 12    Int: 10    God:
Gold:   97         SH:  0    Dex: 16    Spells: 6/6 levels left

rFire   x . .        b - +0 dagger (venom)
rCold   . . .        (no shield)
rNeg    . . .        m - +2 leather armour "Juseorey" {rPois rF- Will+ Int+2}
rPois   +            c - +0 helmet
rElec   .            (no cloak)
rCorr   .            (no gloves)
SInv    .            t - +0 pair of boots
Will    +....        (no amulet)
Stlth   +            w - ring of wizardry
HPRegen 0.28/turn    (no ring)
MPRegen 0.10/turn

%: wizardry (x1)
@: hasted, very quick
A: rugged brown scales 1, powered by death 1, spiny 1, weakness stinger 2
a: no special abilities


You were on level 4 of the Dungeon.
You visited 1 branch of the dungeon, and saw 4 of its levels.

You collected 153 gold pieces.
You spent 56 gold pieces at shops.

Inventory:

Hand Weapons
 a - a +0 short sword of electrocution
 b - a +0 dagger of venom (weapon)
 y - a +0 long sword
Missiles
 d - 3 throwing nets (quivered)
 x - 9 poisoned darts
Armour
 c - a +0 helmet (worn)
 m - the +2 leather armour "Juseorey" (worn) {rPois rF- Will+ Int+2}
   (You found it on level 2 of the Dungeon)

   Int+2:     It affects your intelligence (+2).
   rF-:       It makes you vulnerable to fire.
   rPois:     It protects you from poison Will+: It increases your willpower.
 t - a +0 pair of boots (worn)
Jewellery
 f - a ring of fire
 l - a ring of protection from cold
 w - a ring of wizardry (left hand)
Talismans
 u - a storm talisman
 B - a serpent talisman
Scrolls
 g - a scroll of amnesia {unknown}
 h - a scroll of vulnerability {unknown}
 j - a scroll of torment {unknown}
 k - a scroll of teleportation
 o - a scroll of immolation
 p - 2 scrolls of revelation
 r - a scroll of poison {unknown}
 z - a scroll of enchant armour {unknown}
Potions
 e - a potion of cancellation
 i - a potion of haste
 n - a potion of brilliance {unknown}
 q - a potion of heal wounds
 s - a potion of magic


   Skills:
 - Level 2.0 Fighting
 + Level 8.0 Long Blades
 - Level 1.7 Throwing
 - Level 2.6 Dodging


You had 6 spell levels left.
You didn't know any spells.
Your spell library contained the following spells:

 Spells                   Type           Power      Damage    Failure   Level
 Gell's Gravitas          Tloc           0%         N/A       45%         3
 Teleport Other           Tloc           0%         N/A       45%         3
 Dispersal                Tloc           0%         N/A       100%        6


Dungeon Overview and Level Annotations

Branches:
Dungeon (4/15)
 Temple: D:4-7

Altars:
Sif Muna
Trog

Shops:
D:4 *([(


Innate Abilities, Weirdness & Mutations

You are partially covered in rugged brown scales. (AC +1, +3% HP)
You regenerate a little health from kills.
You are partially covered in sharp spines.
You have a tail ending in a sharp stinger.


Message History

The yak is moderately wounded.
You hit the yak.
The yak looks as sick as possible!
The yak is heavily wounded.
The yak is struck by your spines. The yak gores you.
You hit the yak.
The yak looks as sick as possible!
The yak is heavily wounded.
You hit the yak.
The yak looks as sick as possible!
The yak is severely wounded.
The yak closely misses you.
You hit the yak.
The yak looks as sick as possible!
The yak is severely wounded.
You barely miss the yak. You punch the yak, but do no damage.
The yak is severely wounded.
The yak is struck by your spines. The yak misses you.
You hit the yak but do no damage.
The yak looks as sick as possible!
You tail-slap the yak.
You kill the yak!
Your Long Blades skill increases to level 8!
The yak gores you!
You barely miss the yak. The yak gores you!
You are too injured to fight recklessly!
You are too injured to fight recklessly!
You are too injured to fight recklessly!
You hit the yak but do no damage.
The yak is poisoned.
You hit the yak.
The yak looks even sicker.
The yak is lightly wounded.
The yak is struck by your spines. The yak closely misses you.
You hit the yak but do no damage.
The yak looks as sick as possible!
The yak is moderately wounded.
You hit the yak.
The yak looks as sick as possible!
Your tail-slap misses the yak.
The yak is moderately wounded.
The yak is struck by your spines. The yak gores you!
* * * LOW HITPOINT WARNING * * *
You barely miss the yak.
The yak is moderately wounded.
The yak attacks as it pursues you! The yak closely misses you.
You see here a yak corpse.
The yak attacks as it pursues you! The yak gores you!
You die...

........####....##...#
.........#8.....#...## ## ##
#######.....##....#.# #.#
.## ####8.>.8##.....##
#..#Y.#
###........#.......##
#.†.#.#
....##8.∩.8[..#.....# #.Y#
####.......)...#..#.# ###Y##
#...#8.<.8###.#.....####.#Y#
...###.....#
#@#.#...#.....Y# ##
#..8#.###Y#.###.#.#.<###
#...###).##.#.# #.#.#.##
#.## ##..#Y#.# #.#$#.## ...
##.#.#.###.#.#..# ### ###
#...#...#.#.#..#....
##..#.....#.........
#.........##.Y.YY.Y.
########.....<.##Y#......


You could see 2 yaks.

Vanquished Creatures
  3 yaks
  A gnoll bouda (D:4)
  An orc wizard (D:4)
  Natasha (thrice) (D:3)
  4 gnolls
  3 adders (D:3)
  A dart slug (D:3)
  3 ribbon worms
  3 orcs
  7 ball pythons
  6 bats
  9 endoplasms
  2 giant cockroaches
  6 goblins
  8 hobgoblins
  3 jackals (D:4)
  3 quokkas
  A frilled lizard (D:3)
  5 kobolds
  6 rats
78 creatures vanquished.

Notes
Turn   | Place    | Note
-------+----------+-------------------------------------------
     0 | D:1      | CInkIbrahim the Demonspawn Gladiator began the quest for
                  | the Orb.
     0 | D:1      | Reached XP level 1. HP: 16/16 MP: 1/1
   155 | D:1      | Reached skill level 3 in Long Blades
   267 | D:1      | Gained mutation: You regenerate a little health from kills.
                  | [demonic ancestry]
   267 | D:1      | Reached XP level 2. HP: 21/22 MP: 2/2
   768 | D:2      | Identified the +2 leather armour "Juseorey" {rPois rF-
                  | Will+ Int+2}
   816 | D:2      | Found a shimmering blue altar of Sif Muna.
   839 | D:2      | Gained mutation: You have a small tail. [demonic ancestry]
   839 | D:2      | Reached XP level 3. HP: 27/27 MP: 3/3
  1194 | D:2      | Reached skill level 4 in Long Blades
  1941 | D:3      | Found a bloodstained altar of Trog.
  2181 | D:3      | Noticed Natasha
  2192 | D:3      | Gained mutation: You are partially covered in rugged brown
                  | scales. (AC +1, +3% HP) [demonic ancestry]
  2192 | D:3      | Reached XP level 4. HP: 22/33 MP: 4/4
  2215 | D:3      | Killed Natasha
  2432 | D:3      | Noticed Natasha
  2441 | D:3      | Killed Natasha
  2442 | D:3      | Reached skill level 5 in Long Blades
  2471 | D:3      | Noticed Natasha
  2483 | D:3      | Killed Natasha
  2484 | D:3      | Reached XP level 5. HP: 37/39 MP: 5/5
  2512 | D:4      | Noticed a yak
  2522 | D:4      | Noticed a yak
  2526 | D:4      | Noticed a yak
  2531 | D:3      | Killed a yak
  2532 | D:3      | Reached skill level 6 in Long Blades
  2532 | D:3      | Gained mutation: You have a tail ending in a sharp stinger.
                  | [demonic ancestry]
  2532 | D:3      | Reached XP level 6. HP: 18/45 MP: 6/6
  2634 | D:4      | Noticed a yak
  2634 | D:4      | Noticed a yak
  2674 | D:4      | Found Dalie's Antique Armour Emporium.
  2676 | D:4      | Found Teume's Antique Weapon Boutique.
  2903 | D:4      | Found Noeschor's Weapon Shop.
  3189 | D:4      | Found Nioluk's Fire Supplies.
  3206 | D:4      | Bought a scroll of immolation for 56 gold pieces
  3396 | D:4      | Killed a yak
  3397 | D:4      | Reached skill level 7 in Long Blades
  3397 | D:4      | Gained mutation: You are partially covered in sharp spines.
                  | [demonic ancestry]
  3397 | D:4      | Reached XP level 7. HP: 34/51 MP: 7/7
  3521 | D:4      | Killed a yak
  3522 | D:4      | Reached skill level 8 in Long Blades
  3530 | D:4      | Slain by a yak

Illustrated notes

Levels and vault maps discovered:
D:1:      dpeg_arrival_windows_large_door, layout_loops_ring,
          serial_park_tiny_pond, chequers_serial_rivers_micro_c
D:2:      layout_basic, serial_aquarium, aquarium_bridge_square
          [aquarium_subvault_bridge, aquarium_subvault_window,
          aquarium_subvault_wall, aquarium_subvault_wall],
          aquarium_bridge_straight [aquarium_subvault_bridge,
          aquarium_subvault_wall, aquarium_subvault_bridge,
          aquarium_subvault_wall], aquarium_window_1, aquarium_window_1,
          aquarium_view_2d, aquarium_balcony_5b, basic_altar
D:3:      layout_rooms, overflow_temple_1_default, st_stairs_5,
          kennysheep_potato, uniq_natasha
D:4:      layout_rooms, marbit_many_paths, serial_co_window_serial,
          co_window_of_opportunity_a, co_window_paths_a, co_window_paths_a,
          co_window_of_opportunity_a, co_window_paths_a,
          co_window_unsneaky_path_d, co_window_corner_cb, co_window_cross_4,
          co_window_unsneaky_path_e, co_window_corner_b, glass_columns_a,
          glass_columns_a, glass_columns_a, serial_shops, shop,
          nicolae_stop_n_shop_2, shop, kennysheep_little_box,
          small_statue_alley_b, nicolae_shop_fire_sale [nicolae_sub_dead_trees],
          kennysheep_generic_room_4

Skill      XL: |  1  2  3  4  5  6  7 |
---------------+----------------------+-----
Long Blades    | 3 4 5 6 7 8 |  8.0
Fighting       | |  2.0
Throwing       | |  1.7
Dodging        | |  2.6

Action                     |  1- 3 |  4- 6 |  7- 9 || total
---------------------------+-------+-------+-------++-------
  Melee: Long sword        |   114 |       |       ||   114
         Punch             |     3 |     2 |     1 ||     6
         Tailslap          |     4 |    27 |     3 ||    34
         Dagger            |     3 |   147 |    20 ||   170
  Throw: Dart              |       |     2 |     1 ||     3
    Use: Scroll            |     2 |     2 |       ||     4
         Potion            |       |     3 |     1 ||     4
   Stab: Sleeping          |     2 |       |       ||     2
 Armour: Leather armour    |    63 |    93 |     7 ||   163
         Ring mail         |    13 |       |       ||    13
  Dodge: Dodged            |    81 |    88 |     6 ||   175

Table legend: (Time is in decaauts)
 A = Elapsed time spent in this place.
 B = Non-inter-level travel time spent in this place.
 C = Inter-level travel time spent in this place.
 D = Time resting spent in this place.
 E = Time spent auto-exploring this place.
 F = Levels seen in this place.
 G = Mean time per level.
                   A        B        C        D        E       F      G
               +--------+--------+--------+--------+--------+-----+--------+
         Total |   3509 |   3123 |    386 |    478 |   1760 |   4 |  877.2 |
       Dungeon |   3509 |   3123 |    386 |    478 |   1760 |   4 |  877.2 |
               +--------+--------+--------+--------+--------+-----+--------+

Top non-repeatable levels by time:
     D:3: 1267 daAuts
     D:2: 874 daAuts
     D:1: 771 daAuts
     D:4: 596 daAuts
